Map: Sludge City

Players

Jagurt

  • Race: Protoss Protoss
  • Spawn Location: 5:00

KptPasitan

  • Race: Terran Terran
  • Spawn Location: 5:00

Gracz - Winner!

  • Race: Terran Terran
  • League: Silver
  • Spawn Location: 9:00

Darkknight - Winner!

  • Race: Terran Terran
  • Spawn Location: 11:00

VOD

Have the link to the VOD?

Description

Time

  • Played on: Oct. 31, 2016, 2:21 p.m.
  • Length: 16:56
Show
View Real Time Build Order
Export as new Build Order

Jagurt Protoss 

Build Orders:  

Get SALT Encoding   

  12  0:02  Probe (Chrono Boost)  
  13  0:12  Probe (Chrono Boost)  
  14  0:22  Pylon  
  14  0:24  Probe (Chrono Boost)  
  15  0:42  Gateway, Probe (Chrono Boost)  
  16  0:48  Assimilator  
  16  0:56  Pylon  
  16  0:59  Probe (Chrono Boost)  
  17  1:09  Probe (Chrono Boost)  
  18  1:12  Assimilator  
  18  1:20  Pylon, Probe (Chrono Boost)  
  19  1:31  Probe (Chrono Boost)  
  20  1:33  Zealot  
  22  1:43  Probe (Chrono Boost)  
  23  1:47  Forge  
  24  1:55  Probe (Chrono Boost)  
  24  2:00  Zealot  
  26  2:12  Cybernetics Core  
  26  2:31  Pylon  
  26  2:33  Zealot  
  28  2:50  Protoss Shields Level 1  
  28  2:55  Photon Cannon  
  28  3:06  Stalker  
  30  3:29  Pylon  
  30  3:32  Stalker  
  32  3:42  Photon Cannon  
  32  3:58  Stalker  
  32  4:02  Photon Cannon  
  34  4:14  Photon Cannon  
  34  4:24  Stalker  
  34  4:28  Stargate  
  36  4:44  Protoss Ground Weapons Level 1  
  36  4:50  Stalker  
  38  5:16  Stalker  
  40  5:23  Fleet Beacon  
  40  5:26  Mothership Core (Chrono Boost)  
  42  5:42  Stalker  
  40  6:08  Tempest  
  36  6:12  Stalker  
  32  6:46  Tempest  
  32  6:54  Unknown, Nexus  
  42  7:11  Photon Cannon  
  42  7:18  Pylon  
  42  7:29  Tempest  
  46  8:05  Unknown  
  46  8:07  Probe (Chrono Boost)  
  46  8:12  Assimilator  
  47  8:17  Assimilator, Probe (Chrono Boost)  
  48  8:26  Pylon  
  48  8:28  Probe (Chrono Boost)  
  48  8:29  Tempest  
  49  8:38  Probe (Chrono Boost)  
  54  8:49  Probe (Chrono Boost)  
  55  9:01  Anion Pulse-Crystals  
  55  9:21  Tempest  
  59  9:43  Photon Cannon  
  59  9:47  Photon Cannon  
  59  10:01  Graviton Catapult  
  59  10:19  Tempest  
  63  10:57  Tempest  
  67  11:11  Twilight Council  
  67  11:14  Pylon  
  67  11:19  Photon Cannon  
  67  11:20  Photon Cannon  
  67  11:34  Tempest  
  51  12:11  Tempest  
  57  12:24  Mothership Core (Chrono Boost)  
  57  12:48  Tempest  
  55  13:26  Tempest  
  47  13:32  Robotics Facility  
  51  13:57  Carrier  
  49  14:11  Zealot  
  51  14:20  Protoss Shields Level 2  
  51  14:23  Photon Cannon  
  51  14:27  Pylon  
  51  14:29  Pylon  
  51  14:38  Immortal, Zealot  
  53  14:54  Robotics Bay  
  44  15:23  Immortal  
Show
View Real Time Build Order
Export as new Build Order

KptPasitan Terran 

Build Orders:  

Get SALT Encoding   

  12  0:10  Supply Depot  
  12  0:20  SCV  
  13  0:32  SCV  
  14  0:49  Barracks  
  14  0:50  SCV  
  15  1:02  Supply Depot  
  15  1:14  Refinery  
  15  1:17  SCV  
  16  1:29  SCV  
  17  1:41  SCV  
  17  1:44  Barracks, Marine  
  19  1:58  Supply Depot  
  19  1:59  SCV  
  20  2:02  Marine  
  21  2:10  Refinery  
  21  2:11  SCV  
  22  2:20  Barracks Reactor  
  22  2:30  Supply Depot, SCV  
  23  2:39  Marine  
  23  2:40  Engineering Bay  
  23  2:43  SCV  
  26  3:02  Barracks Reactor  
  20  3:27  Planetary Fortress  
  17  3:48  Marine  
  17  3:49  Marine  
  17  3:51  Marine x2  
  20  4:05  SCV  
  20  4:06  Marine  
  20  4:09  Marine  
  21  4:18  SCV  
  21  4:23  Terran Infantry Weapons Level 1  
  22  4:30  SCV  
  23  4:33  Marine x2  
  25  4:42  SCV  
  26  4:51  Marine x2  
  28  4:54  SCV  
  29  5:06  SCV  
  29  5:26  Unknown, Command Center  
  29  5:28  Marine x2  
  30  5:30  Marine x2  
  33  5:46  Marine x2  
  33  5:48  Marine  
  30  6:17  Terran Infantry Armor Level 1  
  26  6:19  Marine x2  
  26  6:21  Marine x2  
  30  6:36  Marine  
  30  6:37  Marine, Unknown  
  30  6:39  Marine x2  
  30  6:54  Marine x2  
  30  6:56  Marine  
  30  6:57  Marine  
  34  7:03  SCV  
  35  7:09  Barracks  
  35  7:12  Marine x2  
  35  7:14  Marine x2  
  39  7:15  SCV  
  40  7:27  SCV  
  41  7:30  Marine x2  
  41  7:32  Marine  
  44  7:40  SCV  
  45  7:44  Supply Depot  
  45  7:48  Marine x2  
  46  7:52  SCV  
  44  8:04  SCV  
  43  8:06  Marine  
  43  8:09  Barracks Reactor  
  43  8:10  Marine  
  43  8:11  Marine x2  
  47  8:16  SCV  
  48  8:23  Marine  
  49  8:27  Marine  
  49  8:28  SCV  
  49  8:29  Marine x2  
  53  8:40  SCV  
  52  8:41  Marine  
  52  8:45  Marine  
  52  8:46  Marine  
  52  8:47  Marine  
  41  8:50  Sensor Tower  
  41  8:52  SCV  
  40  9:00  Marine x2  
  40  9:01  Marine  
  43  9:03  Marine  
  43  9:04  Marine x2, SCV  
  47  9:17  Factory  
  47  9:18  Marine x2  
  47  9:19  Marine  
  47  9:21  Marine  
  47  9:22  Marine x2  
  49  9:36  Marine x2  
  49  9:37  Marine  
  50  9:39  Marine  
  50  9:40  Marine x2  
  53  9:54  Marine  
  53  9:55  Marine  
  55  10:00  Sensor Tower  
  55  10:22  Marine x2  
  55  10:23  Marine x2  
  55  10:24  Marine x2  
  61  10:32  Armory  
  61  10:40  Marine x2  
  61  10:41  Marine x3  
  61  10:42  Marine  
  67  10:57  Marine  
  67  10:58  Marine  
  67  10:59  Marine  
  70  11:09  Supply Depot  
  70  11:11  Supply Depot  
  70  11:12  Supply Depot  
  70  11:16  Supply Depot  
  70  11:19  Supply Depot x2  
  70  11:21  Supply Depot  
  70  11:22  Terran Infantry Weapons Level 2  
  70  11:30  Marine x5  
  75  11:36  Marine  
  76  11:48  Marine x5  
  81  11:54  Marine  
  82  12:05  Marine x3  
  82  12:06  Marine x2  
  86  12:12  Marine  
  36  12:47  Marine x2  
  36  12:49  Marine x2  
  36  12:50  Marine x2  
  42  13:05  Marine x2  
  42  13:07  Marine x2  
  42  13:08  Marine x2  
  41  13:23  Marine x2  
  41  13:24  Marine  
  41  13:25  Marine  
  41  13:26  Marine x2  
  47  13:38  Terran Infantry Armor Level 2  
  47  13:41  Marine x2  
  47  13:42  Marine x2  
  47  13:43  Marine  
  47  13:44  Marine  
  53  13:58  Unknown, Command Center  
  53  13:59  Marine x2  
  53  14:00  Marine x2  
  53  14:01  Marine x2  
  47  14:16  Marine  
  47  14:17  Marine  
  48  14:18  Marine x2  
  48  14:19  Marine x2  
  52  14:34  Marine x2  
  52  14:36  Marine x2  
  52  14:37  Marine x2  
  58  14:52  Marine x2  
  60  14:53  Marine  
  60  14:54  Marine  
  60  14:55  Marine x2  
  40  15:10  Marine x2, Unknown  
  40  15:11  Marine x2  
  40  15:12  Marine  
  40  15:13  Marine  
  33  15:28  Marine x2  
  35  15:29  Marine x2  
  35  15:30  Marine x2  
  30  15:45  Marine  
  30  15:46  Marine  
  30  15:47  Marine x2  
  30  15:48  Marine x2  
  35  16:03  Marine x2  
  37  16:05  Marine x2  
  37  16:06  Marine x2  
  36  16:21  Marine x2  
  36  16:22  Marine  
  36  16:24  Marine x2  
Show
View Real Time Build Order
Export as new Build Order

Gracz Terran - Winner!

Build Orders:  

Get SALT Encoding   

  12  0:01  SCV  
  13  0:16  Supply Depot  
  13  0:26  SCV  
  14  0:37  Refinery  
  14  0:38  SCV  
  15  0:49  Barracks  
  15  0:55  SCV  
  16  1:08  Barracks  
  16  1:11  SCV  
  17  1:25  SCV  
  18  1:39  Reaper  
  19  1:50  SCV  
  20  2:00  Reaper  
  21  2:02  SCV  
  22  2:09  Unknown, Command Center  
  22  2:14  SCV  
  23  2:24  Supply Depot  
  23  2:46  Reaper  
  24  2:59  Barracks Reactor  
  24  3:04  Orbital Command  
  24  3:20  Unknown  
  21  3:56  Barracks Reactor  
  21  4:01  Factory  
  21  4:04  Orbital Command  
  21  4:07  SCV  
  21  4:09  Refinery  
  22  4:13  Supply Depot  
  22  4:19  SCV  
  23  4:32  SCV x2  
  25  4:40  Supply Depot  
  25  4:45  SCV x2  
  27  4:47  Starport  
  27  4:49  Starport  
  27  4:50  Factory Tech Lab  
  27  4:55  Refinery  
  27  4:58  SCV  
  27  4:59  Refinery, SCV  
  29  5:10  Siege Tank  
  29  5:11  SCV  
  33  5:22  SCV  
  33  5:23  SCV  
  35  5:31  Starport Reactor, Marine x4  
  35  5:34  SCV  
  35  5:35  SCV  
  41  5:39  Medivac  
  43  5:46  Orbital Command  
  43  5:48  Marine x2  
  43  5:49  Marine x2  
  44  5:54  Unknown, Command Center  
  38  6:12  Medivac x2  
  39  6:32  Siege Tank  
  42  6:34  Marine x3  
  42  6:35  Marine  
  46  6:52  Marine  
  47  6:54  Barracks  
  47  7:05  Marine, Unknown  
  47  7:07  Supply Depot  
  47  7:08  Unknown, Command Center  
  25  8:06  Starport Reactor  
  25  8:07  Siege Tank  
  25  8:08  Barracks Tech Lab  
  28  8:13  Orbital Command  
  28  8:19  Unknown, SCV  
  29  8:20  SCV  
  29  8:22  Supply Depot  
  30  8:31  SCV  
  30  8:32  Marine x2  
  33  8:35  Marine x2, Stimpack  
  33  8:37  Marauder  
  33  8:39  Siege Tank  
  33  8:40  Medivac  
  42  8:49  Marine  
  42  8:50  Marine  
  42  8:53  Marine x2, Orbital Command  
  46  8:58  Marauder  
  48  9:04  Medivac  
  48  9:05  Medivac  
  48  9:06  Medivac  
  48  9:07  Marine x2  
  48  9:08  SCV  
  57  9:10  Marine  
  57  9:11  Marine  
  59  9:20  SCV  
  60  9:25  Marine x2  
  60  9:28  Marine x2  
  64  9:32  SCV  
  65  9:45  Viking  
  65  9:46  Viking x2  
  65  9:49  Marine x2  
  65  9:50  Marine x3  
  71  10:07  Cyclone  
  75  10:32  Liberator  
  76  10:59  Marine x5  
  81  11:10  Viking x2  
  85  11:12  Viking  
  40  12:19  Siege Tank  
  40  12:21  Medivac  
  40  12:22  Medivac, Viking  
  40  12:23  Marine  
  40  12:24  Marine x4  
  45  12:41  Marine  
  46  12:47  Marine x3  
  46  12:48  Marine  
  50  12:58  Viking  
  52  12:59  Marine, Viking  
  52  13:05  Marine x4  
  41  14:23  Marine  
  41  14:24  Marine x4  
  31  14:25  Viking x4  
  42  14:41  Marine x2  
  42  14:55  Viking  
  43  15:14  Medivac  
  45  15:15  Marine  
  45  15:16  Marine x4  
  45  15:19  Refinery  
  45  15:20  Refinery  
  50  15:33  Marine x5  
  55  15:51  Marine x5  
Show
View Real Time Build Order
Export as new Build Order

Darkknight Terran - Winner!

Build Orders:  

Get SALT Encoding   

  12  0:00  SCV  
  13  0:13  SCV  
  14  0:20  Supply Depot  
  14  0:25  SCV  
  15  0:42  Barracks  
  15  0:50  Barracks  
  15  0:54  Refinery  
  15  1:05  Refinery  
  15  1:07  SCV  
  16  1:18  Supply Depot  
  16  1:26  SCV  
  17  1:42  Orbital Command  
  17  1:53  Reaper  
  17  1:54  Reaper  
  19  2:07  SCV  
  20  2:17  Factory  
  20  2:20  SCV  
  21  2:27  Barracks Tech Lab  
  21  2:38  Engineering Bay  
  21  2:39  SCV  
  21  2:41  Barracks Reactor  
  22  2:51  SCV  
  23  3:20  Marine x3  
  23  3:22  Factory Tech Lab  
  23  3:24  SCV  
  27  3:36  SCV  
  27  3:37  Marine  
  27  3:38  Marine x2  
  31  4:33  Unknown, Command Center  
  31  4:37  Supply Depot  
  31  4:38  Supply Depot  
  31  4:40  Supply Depot, Starport  
  31  4:47  Marine x3, Siege Tank  
  31  4:50  SCV  
  38  5:03  Supply Depot  
  38  5:04  Missile Turret  
  38  5:05  Marine x3  
  39  5:19  Siege Tank  
  42  5:23  Marine x3  
  42  5:25  Medivac  
  47  5:38  Missile Turret  
  47  5:42  Missile Turret  
  47  5:45  Unknown  
  33  6:20  Medivac  
  33  6:22  Siege Tank  
  36  6:49  Orbital Command  
  36  6:54  Siege Tank  
  39  7:02  Medivac  
  41  7:13  Supply Depot  
  41  7:15  Barracks  
  41  7:17  Barracks  
  41  7:22  Stimpack  
  41  7:25  Marine x3  
  41  7:26  Siege Tank  
  47  7:37  Supply Depot  
  47  7:41  Missile Turret  
  47  7:42  Marine  
  47  7:43  Marine x2  
  50  7:46  Missile Turret  
  50  7:53  Medivac  
  52  8:07  Marine x5  
  57  8:14  Siege Tank  
  57  8:18  Terran Infantry Weapons Level 1  
  60  8:20  SCV  
  60  8:25  Marine  
  62  8:29  Medivac  
  59  8:57  Marine  
  59  8:58  Marine  
  61  9:11  Marine x3  
  61  9:15  Marine x2  
  65  9:29  Marine x3  
  58  9:33  Marine x2  
  55  9:47  Marine  
  51  9:55  Marine x4  
  43  10:04  Marine  
  41  10:12  Marine x2  
  41  10:13  Marine x2  
  45  10:22  Marine  
  46  10:30  Marine x4  
  50  10:40  Barracks, Marine  
  50  10:42  Barracks  
  51  10:43  Barracks  
  51  10:48  Barracks, Marine x3  
  54  10:50  Barracks x2, Supply Depot  
  54  10:51  Supply Depot x2  
  54  11:02  Unknown, Command Center  
  53  11:06  Medivac  
  55  11:15  Supply Depot  
  55  11:20  Barracks Reactor  
  55  11:21  Barracks Reactor  
  55  11:23  Combat Shields  
  55  11:32  Barracks Reactor x3  
  55  11:35  Barracks Reactor  
  55  11:36  Medivac  
  55  11:37  Barracks Reactor x2  
  57  11:47  Armory  
  57  12:10  Marine x2  
  57  12:11  Marine x8  
  57  12:13  Unknown  
  67  12:21  Marine x2  
  62  12:36  Marine x4  
  62  12:37  Marine x2  
  52  12:42  Marine x3  
  52  12:43  Marine  
  53  12:48  Marine x2  
  55  12:55  SCV x3  
  55  13:30  Medivac  
  55  13:33  Marine x9  
  55  13:34  Marine x8  
  74  13:48  Marine x2  
  74  13:50  Orbital Command  
  74  13:51  Marine x4  
  74  13:53  SCV x2  
  82  14:00  Medivac  
  68  14:05  SCV x2  
  68  14:11  Marine x4  
  68  14:12  Marine x7  
  79  14:17  SCV  
  79  14:21  Marine x2  
  79  14:22  Marine x4  
  86  14:30  Medivac  
  88  14:36  Marine x7  
  88  14:37  Marine x3  
  97  14:58  Marine x5  
  101  15:00  Medivac  
  101  15:06  Marine  
  101  15:07  Marine x6  
  99  15:22  Marine x2  
  99  15:23  Marine x10  
  99  15:24  Marine  
  112  15:30  Medivac  
  113  15:41  Marine x5  
  113  15:42  Marine x3  
  118  15:56  Marine x2  
  118  15:57  Marine x4  
  122  16:10  Marine x2  
  122  16:11  Marine x3  
  106  16:19  Medivac  
  105  16:54  Unknown, Command Center  
Tags
 
Add a new tag
Caveats
  • Supply blocks, unpowered buildings, or Contaminate may cause inaccurate times.
  • Supply counts are checked every 10 seconds.